 Dungeon Crawl Stone Soup version 0.30-a0-778-g2ef04afb54 (webtiles) character file.

Game seed: 5141724085759817648

106 hikkokomori the Sneak (level 4, -2/26 HPs)
             Began as a Gargoyle Hedge Wizard on Feb 16, 2023.
             Slain by a gnoll
             ... wielding a +1 halberd of protection
              (8 damage)
             ... on level 3 of the Dungeon.
             The game lasted 00:04:48 (2866 turns).

hikkokomori the Sneak (Gargoyle Hedge Wizard)       Turns: 2866, Time: 00:04:49

Health: -2/26      AC:  6    Str: 13    XL:     4   Next: 84%
Magic:  8/8        EV: 11    Int: 17    God:
Gold:   84         SH:  0    Dex:  9    Spells: 1/9 levels left

rFire   . . .      SeeInvis .    j - +1 short sword (drain)
rCold   . . .      Faith    .    (no shield)
rNeg    + . .      Spirit   .    b - +0 robe
rPois   ∞          Reflect  .    c - +0 hat
rElec   +          Harm     .    o - +0 cloak
rCorr   .          Rampage  .    (no gloves)
Will    .....                    (no boots)
Stlth   ++                       (no amulet)
HPRegen 0.24/turn                (no ring)
MPRegen 0.11/turn                (no ring)

@: no status effects
A: sickness immunity, AC +3, negative energy resistance 1, electricity
resistance, torment resistance 1, petrification resistance
a: no special abilities


You were on level 3 of the Dungeon.
You visited 1 branch of the dungeon, and saw 3 of its levels.

You collected 84 gold pieces.

Inventory:

Hand Weapons
 a - a +0 dagger
 j - a +1 short sword of draining (weapon)
Missiles
 i - 3 atropa-tipped darts
Armour
 b - a +0 robe (worn)
 c - a +0 hat (worn)
 o - a +0 cloak (worn)
Scrolls
 e - a scroll of teleportation
 f - a scroll of amnesia {unknown}
 h - a scroll of poison
 n - a scroll of summoning {unknown}
 p - 2 scrolls of identify {unknown}
Potions
 d - a potion of magic
 g - a potion of flight {unknown}
 k - 3 potions of curing {unknown}
 l - a potion of invisibility {unknown}
 m - 2 potions of brilliance {unknown}


   Skills:
 + Level 1.8 Fighting
 - Level 1.5 Dodging
 + Level 3.2 Stealth
 - Level 3.0 Spellcasting
 + Level 2.2 Conjurations
 + Level 1.8 Summonings
 + Level 1.9 Translocations


You had one spell level left.
You knew the following spells:

 Your Spells              Type           Power      Damage    Failure   Level
a - Magic Dart            Conj           40%        1d5       7%          1
b - Call Imp              Summ           8%         N/A       12%         2
c - Blink                 Tloc           18%        N/A       12%         2
d - Mephitic Cloud        Conj/Pois/Air  5%         N/A       36%         3

Your spell library contained the following spells:

 Spells                   Type           Power      Damage    Failure   Level
 Kiss of Death            Conj/Necr      24%        2d7       11%         1
 Beastly Appendage        Tmut           4%         N/A       17%         1
 Slow                     Hex            8%         N/A       17%         1
 Wereblood                Tmut           2%         N/A       26%         2
 Confusing Touch          Hex            2%         N/A       45%         3
 Spider Form              Tmut/Pois      2%         N/A       45%         3
 Manifold Assault         Tloc           9%         N/A       61%         4
 Dispel Undead            Necr           2%         3d7       86%         4
 Storm Form               Tmut/Air       1%         N/A       100%        7
 Cigotuvi's Dreadful Rot  Necr/Pois/Air  Unusable   N/A       N/A         2

Dungeon Overview and Level Annotations

Branches:
Dungeon (3/15)

Altars:
Elyvilon


Innate Abilities, Weirdness & Mutations

You are immune to sickness and miasma.
Your stone body is resilient. (AC +3)
You are immune to poison.
You resist negative energy. (rN+)
You are resistant to electric shocks. (rElec)
You are resistant to unholy torment.
You are immune to petrification.


Message History

The kobold shouts!
The gnoll shouts!
The kobold throws a poisoned dart.
The poisoned dart barely misses you.
A gnoll comes into view. It is wielding a +0 halberd.
The gnoll shouts!
There are monsters nearby!
There are monsters nearby!
The kobold throws a poisoned dart.
The poisoned dart closely misses you.
You aren't carrying any items that you can evoke.
Okay, then.
The kobold throws a poisoned dart.
The poisoned dart closely misses you.
Throw: 4 darts (atropa)
Press: ? - help, Shift-Dir - straight line, f - gnoll
Aim: a gnoll, wielding a +1 halberd of protection (56% to hit, chance to blind on hit: 100%)
You throw an atropa-tipped dart. The atropa-tipped dart hits the gnoll.
The gnoll appears confused.
The gnoll seems less confused.
A gnoll comes into view. It is wielding a +0 spear.
The gnoll hits you from afar with a +0 halberd.
You hit the gnoll. You drain the gnoll.
The gnoll is heavily wounded.
The gnoll closely misses you. The gnoll barely misses you.
You catch the helpless gnoll completely off-guard!
You hit the gnoll.
The gnoll is severely wounded.
The gnoll is no longer blind.
The gnoll completely misses you.
The gnoll hits you from afar with a +0 halberd.
You closely miss the gnoll.
The gnoll is severely wounded.
The gnoll hits you with a +1 halberd of protection.
The gnoll closely misses you.
You hit the gnoll but do no damage.
The gnoll is severely wounded.
An endoplasm comes into view.
The gnoll hits you with a +1 halberd of protection.
* * * LOW HITPOINT WARNING * * *
The gnoll closely misses you.
You hit the gnoll but do no damage. You drain the gnoll.
The gnoll is almost dead.
The gnoll hits you with a +1 halberd of protection!
You die...

#.##.##
#.#...####
#........+
##....####
#####.#.##
#.......#
#.###.#.#
#.#.# #@#.#
#g#.# #g# #
#.###K#.#
#....g..#
#####.##.....
... #.#.
#.... ..
#.###g


You could see 3 gnolls and a kobold.

Vanquished Creatures
  4 adders
  2 worms (D:2)
  3 dart slugs (D:2)
  2 orcs (D:3)
  5 bats
  4 endoplasms
  4 giant cockroaches
  2 goblins
  6 hobgoblins
  4 quokkas
  2 ball pythons (D:1)
  A frilled lizard (D:1)
  9 kobolds
  5 rats
53 creatures vanquished.

Notes
Turn   | Place    | Note
-------+----------+-------------------------------------------
     0 | D:1      | hikkokomori the Gargoyle Hedge Wizard began the quest for
                  | the Orb.
     0 | D:1      | Reached XP level 1. HP: 10/10 MP: 4/4
   139 | D:1      | Reached skill level 1 in Summonings
   139 | D:1      | Reached skill level 1 in Translocations
   244 | D:1      | Reached XP level 2. HP: 16/16 MP: 3/6
   854 | D:1      | Reached skill level 1 in Fighting
   985 | D:1      | Reached XP level 3. HP: 20/20 MP: 7/7
   988 | D:1      | Learned a level 2 spell: Call Imp
   991 | D:1      | Learned a level 2 spell: Blink
   995 | D:1      | Learned a level 3 spell: Mephitic Cloud
  1284 | D:1      | Found a white marble altar of Elyvilon.
  1491 | D:2      | Reached XP level 4. HP: 19/25 MP: 8/8
  2866 | D:3      | Slain by a gnoll

Illustrated notes

Levels and vault maps discovered:
D:1:      dpeg_arrival_lava_altar, layout_basic
D:2:      layout_basic
D:3:      layout_loops_corners, nicolae_overflow_hidden_temple

Skill      XL: |  1  2  3  4 |
---------------+-------------+-----
Summonings     | 1 |  1.8
Translocations | 1 |  1.9
Fighting       | 1 |  1.8
Conjurations   | 2 |  2.2
Stealth        | 3 |  3.2
Dodging        | |  1.5
Spellcasting   | |  3.0

Action                     |  1- 3 |  4- 6 || total
---------------------------+-------+-------++-------
  Melee: Dagger            |    53 |       ||    53
         Short sword       |    63 |    78 ||   141
  Throw: Dart              |       |     1 ||     1
   Cast: Magic Dart        |    44 |       ||    44
    Use: Scroll            |       |     2 ||     2
   Stab: Sleeping          |     2 |     1 ||     3
         Invisible         |       |     1 ||     1
 Armour: Robe              |    42 |    23 ||    65
  Dodge: Dodged            |    76 |    42 ||   118

Table legend: (Time is in decaauts)
 A = Elapsed time spent in this place.
 B = Non-inter-level travel time spent in this place.
 C = Inter-level travel time spent in this place.
 D = Time resting spent in this place.
 E = Time spent auto-exploring this place.
 F = Levels seen in this place.
 G = Mean time per level.
                   A        B        C        D        E       F      G
               +--------+--------+--------+--------+--------+-----+--------+
         Total |   2865 |   2828 |     37 |     10 |   2322 |   3 |  955.0 |
       Dungeon |   2865 |   2828 |     37 |     10 |   2322 |   3 |  955.0 |
               +--------+--------+--------+--------+--------+-----+--------+

Top non-repeatable levels by time:
     D:1: 1295 daAuts
     D:2: 1037 daAuts
     D:3: 531 daAuts
